AoeStats
← MladejBaller

Arabian Desert

510096742Analyzed
1v1 RM · 3d ago on Sep 29, 2026· 21m 5s· 2 players
Game mode
Random Map
Map size
Tiny (2 player)
Population
200
Speed
Normal
Resources
Standard
Victory
Conquest
Starting age
Dark Age
Ending age
Imperial Age
RankedLock teamsTeams togetherTeam positionsShared explorationLock speedFull tech treeHidden civsTurbo modeCheats
Victory
Defeat
🇩🇰 Ethiopians · Denmark
650
+13
🇨🇿 Vikings · Czechia
586
-13
rook <3
5:11 Loom
11:07 Feudal Age
16:12 Castle Age
15:29 Fletching
15:59 Gold Mining
18:27 Crossbowman
20:29 Bodkin Arrow
MladejBaller
9:03 Loom
11:11 Feudal Age
18:48 Fletching
22:23 Castle Age
Connection lost

Rejoining the realm…

Still unreachable

The connection could not be restored.

Session expired

The server has moved on; the page needs a fresh start.